 Dungeon Crawl Stone Soup version 0.31.0-1-g2c135a0 (webtiles) character file.

Game seed: 15670805387656031661

832912 bonscott the Wishgranter (level 27, -24/181 (190) HPs)
             Began as a Djinni Conjurer on Feb 22, 2024.
             Was the Champion of Makhleb.
             Killed from afar by a Brimstone Fiend (29 damage)
             ... with damnation
             ... on level 6 of Gehenna on Feb 28, 2024.
             The game lasted 14:56:22 (61082 turns).

bonscott the Wishgranter (Djinni Conjurer)         Turns: 61082, Time: 14:56:22

HP:   -24/181 (190) AC: 37    Str: 16    XL:     27
Gold: 3373          EV: 13    Int: 37    God:    Makhleb [******] SH: 23 Dex: 14

rFire   + + +        a - staff of Valiance {rElec rN+ SInv Conj}
rCold   + + +        j - +3 tower shield {rC+}
rNeg    + + +        r - +7 ice dragon scales
rPois   ∞            k - +3 crown of Dyrovepreva {rElec Int+2 SInv}
rElec   +            h - +2 cloak {Will+}
rCorr   .            O - +2 pair of gloves {hurl}
SInv    +            (boots unavailable)
Will    +++++        Y - amulet "Yviruh" {rN+ Regen+}
Stlth   +            z - ring "Torum" {^Drain rF++ Will+ Int+6 Stlth+}
HPRegen 1.30/turn    H - ring of the Dragon {AC+4 Int+7}
MPRegen 0.00/turn

%: infuse magic (-25 HP)
@: death-form, flying, studying 3 skills, lightly drained, unable to read
A: vile attack, torment immunity, no potions, flying, sickness immunity, fire
resistance 2, cold vulnerability 1, float, innate caster, HP casting, extra
vitality 1, subdued magic 1
}: 6/15 runes: barnacled, slimy, silver, icy, abyssal, gossamer
a: Siphon Essence, Begin Untransformation, Renounce Religion, Minor Destruction,
Lesser Servant of Makhleb, Major Destruction, Greater Servant of Makhleb


You were on level 6 of Gehenna.
You worshipped Makhleb.
Makhleb was exalted by your worship.
You were an undying horror.
You visited 14 branches of the dungeon, and saw 65 of its levels.
You visited the Abyss 1 time.
You also visited: Gauntlet, Ice Cave and Wizlab.

You collected 8433 gold pieces.
You spent 5060 gold pieces at shops.

Inventory:

Hand Weapons
 b - a +9 antimagic eveningstar
 c - the +3 rapier "Adupupt" {drain, rCorr Str+2}
   (You found it on level 4 of the Vaults)

   Str+2:     It affects your strength (+2).
   rCorr:     It protects you from acid and corrosion.
 d - a +9 vampiric eveningstar
 M - the +4 mace of Pandemonium {freeze, rN++}
   (You found it on level 8 of the Dungeon)

   rN++:      It greatly protects you from negative energy.
Missiles
 e - 6 curare-tipped darts
 I - 26 silver javelins
Armour
 h - a +2 cloak of willpower (worn)
 j - a +3 tower shield of cold resistance (worn)
 k - the +3 crown of Dyrovepreva (worn) {rElec Int+2 SInv}
   (You bought it in a shop on level 6 of the Dungeon)

   Int+2:     It affects your intelligence (+2).
   rElec:     It insulates you from electricity.
   SInv:      It lets you see invisible.
 r - +7 ice dragon scales (worn)
 O - a +2 pair of gloves of hurling (worn)
Magical Staves
 a - the staff of Valiance (weapon) {rElec rN+ SInv Conj}
   (You found it on level 7 of Cocytus)

   [staff of conjuration]

   Base accuracy: +5 Base damage: 5 Base attack delay: 1.2 This weapon's minimum
   attack delay (0.6) is reached at skill level 12.
   rElec:     It insulates you from electricity.
   rN+:       It protects you from negative energy.
   SInv:      It lets you see invisible.
   Conj:      It increases the power of your Conjurations spells.
   It falls into the 'Staves' category.
   It is a one-handed weapon.
Jewellery
 z - the ring "Torum" (left hand) {^Drain rF++ Will+ Int+6 Stlth+}
   (You found it on level 5 of the Dungeon)

   [ring of intelligence]

   Int+6:     It affects your intelligence (+6).
   rF++:      It greatly protects you from fire.
   Will+:     It increases your willpower.
   ^Drain:    It drains your maximum health when unequipped.
   Stlth+:    It makes you more stealthy.
 H - the ring of the Dragon (right hand) {AC+4 Int+7}
   (You took it off a deep elf demonologist on level 3 of the Elven Halls)

   [ring of protection]

   AC+4:      It affects your AC (+4).
   Int+7:     It affects your intelligence (+7).
 Y - the amulet "Yviruh" (around neck) {rN+ Regen+}
   (You found it on level 3 of the Elven Halls)

   [amulet of regeneration]

   rN+:       It protects you from negative energy.
   Regen+:    It increases your rate of health regeneration.
Talismans
 f - a granite talisman
 g - a talisman of death (active)
Wands
 q - a wand of light (39)
 w - a wand of roots (46)
 y - a wand of charming (58)
 E - a wand of digging (29)
 W - a wand of mindburst (59)
Scrolls
 m - 6 scrolls of immolation
 o - 3 scrolls of fear
 p - 4 scrolls of revelation
 u - 4 scrolls of silence
 v - 9 scrolls of blinking
 B - a scroll of summoning
 C - 4 scrolls of vulnerability
 J - 11 scrolls of teleportation
 K - 3 scrolls of torment
 N - 4 scrolls of fog
 V - 7 scrolls of poison
Potions
 i - 9 potions of brilliance
 n - 5 potions of enlightenment
 s - 2 potions of resistance
 t - 15 potions of might
 D - 8 potions of mutation
 G - 9 potions of heal wounds
 L - 9 potions of haste
 P - 5 potions of lignification
 Q - 5 potions of cancellation
 T - 20 potions of curing
 X - 13 potions of ambrosia
Miscellaneous
 x - a phantom mirror
 A - the horn of Geryon
 F - a tin of tremorstones (2/2)
 U - a lightning rod (4/4)
 Z - a sack of spiders


   Skills:
 + Level 15.0 Fighting
 - Level 9.5 Maces & Flails
 - Level 6.8 Throwing
 - Level 18.0 Armour
 - Level 12.0 Dodging
 - Level 1.5 Stealth
 - Level 17.5 Shields
 O Level 27 Spellcasting
 O Level 27 Conjurations
 O Level 27 Hexes
 O Level 27 Summonings
 O Level 27 Necromancy
 O Level 27 Translocations
 O Level 27 Fire Magic
 O Level 27 Ice Magic
 O Level 27 Air Magic
 O Level 27 Earth Magic
 O Level 27 Alchemy
 - Level 9.0 Evocations
 - Level 23.0 Shapeshifting


You knew the following spells:

 Your Spells              Type           Power      Damage    Failure   Level
a - Call Imp              Summ           100%       N/A       0%          2
b - Starburst             Conj/Fire      68%        6d18      0%          6
c - Freezing Cloud        Conj/Ice/Air   68%        6-21      0%          5
d - Magic Dart            Conj           100%       1d8       0%          1
f - Fulminant Prism       Conj/Alch      68%        3d27      0%          4
g - Malign Gateway        Summ/Tloc      56%        N/A       0%          7
h - Summon Hydra          Summ           56%        N/A       0%          7
j - Disjunction           Tloc           56%        N/A       1%          8
k - Kiss of Death         Conj/Necr      100%       2d13      0%          1
m - Iskenderun's Mystic   Conj/Tloc      100%       2d19      0%          4
o - Orb of Destruction    Conj           68%        9d16      0%          7
q - Blink                 Tloc           100%       N/A       0%          2
r - Searing Ray           Conj           100%       2d8       0%          2
s - Sculpt Simulacrum     Ice/Alch       56%        N/A       0%          6
t - Fire Storm            Conj/Fire      68%        8d17      3%          9
v - Borgnjor's Vile Clut  Necr/Erth      56%        N/A       0%          5
z - Frozen Ramparts       Ice            100%       1d16      0%          3
Your spell library was empty.

Dungeon Overview and Level Annotations

Branches:
Dungeon (15/15)            Temple (1/1) D:4            Lair (5/5) D:11
 Shoals (4/4) Lair:2       Spider (4/4) Lair:2        Slime (5/5) Lair:4
    Orc (2/2) D:11            Elf (3/3) Orc:2        Vaults (5/5) D:13
  Crypt (3/3) Vaults:3       Tomb (0/3) Crypt:3      Depths (4/4) D:15
   Hell (visited)             Dis (0/7) Hell            Geh (6/7) Hell
    Coc (7/7) Hell            Tar (0/7) Hell            Zot (0/5) Depths:4
  IceCv (visited)          WizLab (visited)         Gauntlet (visited)

Altars:
Ashenzari
Cheibriados
Dithmenos
Elyvilon
Fedhas
Gozag
Hepliaklqana
Makhleb
Nemelex Xobeh
Okawaru
Qazlal
Ru
Trog
Uskayaw
Wu Jian
Xom
Yredelemnul
Zin
The Shining One
Lugonu

Shops:
D:6 =[[?:   D:8 ([!*   D:10 :   D:13 [   Orc:2 [!!=   Elf:3 !   Shoals:4 *(
Vaults:1 !   Depths:1 *   Depths:2 ::=   Depths:3 *

Portals:
Hell: Depths:1 Depths:2 Depths:3 Depths:4
Abyss: Coc:6 Depths:2 Depths:3
Pandemonium: Depths:2 Depths:3
Ziggurat: Depths:3
Trove: Vaults:1 (give 15 potions of curing)


Innate Abilities, Weirdness & Mutations

You are an undying horror.
Your melee and unarmed attacks drain, slow and weaken victims.
You are immune to unholy pain and torment.
You cannot drink.
You are flying.
You are immune to sickness and miasma.
You are immune to poison.
Your flesh is very heat resistant. (rF++)
You are vulnerable to cold. (rC-)
You float through the air rather than walking.
You learn spells naturally, not from books.
Your magical power is your life essence.
You have superior vitality. (+4 MHP)
Your spells are a little easier to cast, but a little less powerful.


Message History

Confirm with . or Enter, or press ? or * to list all spells.
Aiming: Orb of Destruction (safe; 0% risk of failure)
Press: ? - help, Shift-Dir - straight line, f/p - Brimstone Fiend
Aim: a Brimstone Fiend You feel a surge of power!
* * * LOW HITPOINT WARNING * * *
Your fire vortex blinks!
The fire vortex blinks!
The Brimstone Fiend blinks!
Casting: Orb of Destruction (safe; 0% risk of failure)
Confirm with . or Enter, or press ? or * to list all spells.
Aiming: Orb of Destruction (safe; 0% risk of failure)
Press: ? - help, Shift-Dir - straight line, f/p - Brimstone Fiend
Aim: a Brimstone Fiend (lava, ally target)
Okay, then.
The orb of destruction hits your fire vortex!!!!
Your fire vortex dissipates!
The translocation energy dissipates.
Casting: Orb of Destruction (safe; 0% risk of failure)
Confirm with . or Enter, or press ? or * to list all spells.
Aiming: Orb of Destruction (safe; 0% risk of failure)
Press: ? - help, Shift-Dir - straight line, f/p - Brimstone Fiend
Aim: a Brimstone Fiend You feel a surge of power!
* * * LOW HITPOINT WARNING * * *
Your attacks no longer feel as feeble.
The Brimstone Fiend gestures at you.
The sphere of damnation explodes!
The damnation engulfs you!!!
* * * LOW HITPOINT WARNING * * *
Casting: Orb of Destruction (safe; 0% risk of failure)
Confirm with . or Enter, or press ? or * to list all spells.
Aiming: Orb of Destruction (safe; 0% risk of failure)
Press: ? - help, Shift-Dir - straight line, f/p - Brimstone Fiend
Aim: a Brimstone Fiend (ally target)
You feel a surge of power!
* * * LOW HITPOINT WARNING * * *
The orb of destruction hits the Brimstone Fiend!!!!
The Brimstone Fiend is almost dead.
The Brimstone Fiend gestures at you.
The sphere of damnation explodes!
The damnation engulfs you!!
You die...

### ### # ## ###.#
##.#
.##.###.#.#####..##
.........1*☼......#
≈..≈§.....○○○○○.z.#
≈≈≈§§.)...........#
≈≈≈≈§≈°.).).......#
§≈§≈..............#
≈≈§≈∩†............#
...).............##
...≈....†.........
....w............#
≈§.............


You could see a Brimstone Fiend (ally target).

Vanquished Creatures
  Antaeus (Coc:7)
  the Royal Jelly (Slime:5)
  4 dread liches
  An ancient lich (Vaults:5)
  Khufu (Crypt:2)
  A royal mummy (Crypt:3)
  Bai Suzhen (Crypt:1)
  Boris (Depths:4)
  19 shard shrikes
  Vv (Crypt:1)
  4 caustic shrikes
  Nikola (Shoals:1)
  Arachne (Spider:2)
  2 bone dragons
  2 Brimstone Fiends
  10 hellephants
  2 tentacled monstrosities
  14 Ice Fiends
  6 liches
  A walking crystal tome (Depths:4)
  10 searing wretches
  20 acid blobs
  2 walking frostbound tomes (Depths:2)
  14 titans
  7 sphinxes
  2 deep elf blademasters
  A quicksilver dragon (Vaults:5)
  2 ancient champions
  Asterion (Spider:2)
  An Executioner (Abyss:3)
  Gastronok (D:11)
  5 tentacled starspawn (Abyss:3)
  Kirke (D:14)
  5 tengu reavers
  4 shadow dragons
  Aizul (Vaults:1)
  Roxanne (Shoals:2)
  5 storm dragons
  Ilsuiw (Shoals:4)
  13 narguns
  6 revenants
  18 rockslimes
  20 azure jellies
  9 fire giants
  17 frost giants
  A draconian scorcher (Depths:4)
  3 iron dragons
  13 balrugs
  Louise (D:15)
  8 ghost moths
  7 deep elf sorcerers
  2 caustic shrike zombies (WizLab)
  7 ghouls
  18 vault wardens
  3 spectral caustic shrikes (WizLab)
  2 orc warlords (Orc:1)
  6 deep elf elementalists
  An emperor scorpion (Spider:4)
  A juggernaut zombie (Crypt:3)
  6 shard shrike simulacra
  7 reapers (Hell)
  2 broodmothers
  4 cacodemons
  10 ironbound thunderhulks
  11 ironbound preservers
  2 curse skulls
  4 formless jellyfish
  12 quicksilver oozes
  16 very ugly things
  15 stone giants
  A green draconian (Depths:4)
  A lorocyproca (Depths:1)
  12 deep elf annihilators
  2 red draconians
  5 vampire knights
  4 war gargoyles
  10 deep elf death magi
  23 wendigos
  8 deep elf demonologists
  Azrael (Spider:1)
  4 halazid warlocks (WizLab)
  A yellow draconian (Depths:4)
  25 elemental wellsprings
  2 white draconians
  6 eidola
  3 spark wasps
  2 dire elephants
  A blizzard demon (Depths:2)
  A minotaur (Gauntlet)
  11 fire dragons
  6 crystal guardians
  14 ettins
  A green death (Hell)
  7 merfolk javelineers (Shoals:4)
  A quicksilver dragon zombie (WizLab)
  6 entropy weavers
  6 merfolk impalers
  6 mummy priests (Crypt:3)
  A quicksilver dragon skeleton (Vaults:5)
  3 spriggan zombies
  Josephine (D:12)
  8 jiangshi
  9 great orbs of eyes
  24 vault guards
  4 rakshasas
  10 deep elf high priests
  10 yaktaur captains
  Erolcha (D:13)
  7 hydras
  5 peacekeepers
  7 ogre magi
  13 ironbound frosthearts
  10 caustic shrike simulacra
  5 salamander tyrants
  5 jorogumos
  9 centaur warriors
  6 ice dragons
  7 juggernaut simulacra
  A fenstrider witch zombie (Crypt:2)
  4 spriggan air magi
  3 stokers (Geh:4)
  2 hell beasts
  An alligator snapping turtle (Shoals:1)
  2 death knights
  A two-headed ogre (shapeshifter) (Vaults:5)
  25 dancing weapons
  3 death yaks (Lair:3)
  15 boulder beetles
  6 merfolk avatars
  9 merfolk aquamancers
  6 deep troll shamans
  2 radroaches (Spider:4)
  6 vampire magi
  7 tengu warriors
  3 satyrs
  41 hell hogs
  6 deep troll earth magi
  5 demonic crawlers
  27 two-headed ogres
  2 naga warriors (Depths:3)
  7 spriggan berserkers
  2 spriggans (Depths:4)
  A titan zombie (Hell)
  An orc high priest (Orc:2)
  18 deep elf knights
  9 thrashing horrors (Abyss:3)
  3 soul eaters
  9 hell knights
  6 wretched stars (Abyss:3)
  Sonja (Lair:2)
  4 sixfirhies
  7 sun demons
  3 skysharks
  11 glowing orange brains
  4 shadow wraiths
  14 skeletal warriors
  4 spark wasp zombies
  A golden dragon zombie (Hell)
  2 anaconda zombies (Hell)
  2 iron trolls
  A skyshark (shapeshifter) (Elf:3)
  6 flayed ghosts
  6 pharaoh ants
  5 quicksilver dragon simulacra
  2 sun moths (Spider:4)
  16 sea snakes
  11 arcanists
  A shadow demon (Depths:2)
  14 orb spiders
  2 mana vipers (shapeshifter)
  A storm dragon skeleton (Crypt:3)
  A sun moth (shapeshifter) (Vaults:3)
  40 deep trolls
  4 bog bodies (Crypt:1)
  6 spriggan simulacra
  8 lindwurms
  12 deep elf archers
  2 orange crystal statues
  16 phantasmal warriors
  A spectral wolf spider (WizLab)
  An anaconda skeleton (Crypt:2)
  17 ironbound convokers
  A swamp dragon (shapeshifter) (Elf:1)
  A wolf spider zombie (WizLab)
  7 orc knights
  A lightning spire (Abyss:3)
  8 steelbarb worms
  28 deep elf zephyrmancers
  14 necromancers
  2 iron dragon zombies
  14 starcursed masses (Abyss:3)
  16 harpies
  A frost giant zombie (Hell)
  A stone giant zombie (Vaults:5)
  5 orc sorcerers
  27 deep elf pyromancers
  49 ugly things
  A shadow dragon skeleton (Vaults:5)
  A manticore (shapeshifter) (Elf:1)
  18 wolf spiders
  A spectral spriggan (WizLab)
  14 large abominations (Abyss:3)
  12 manticores
  2 fire giant zombies
  An alligator skeleton (Crypt:2)
  9 cyclopes
  A faun (shapeshifter) (Vaults:5)
  14 fauns
  Maurice (Orc:1)
  4 shining eyes
  7 black mambas
  16 vault sentinels
  7 rust devils
  4 kobold blastminers
  10 elephants
  4 eyes of devastation
  2 moths of wrath
  15 merfolk sirens
  6 meliai
  A centaur skeleton (Crypt:2)
  2 ice statues
  13 smoke demons
  4 water nymphs
  5 molten gargoyles
  A dire elephant zombie (Crypt:2)
  A shock serpent skeleton (Crypt:3)
  4 titan simulacra
  7 torpor snails
  A grey draconian zombie (Crypt:2)
  18 rime drakes
  4 gargoyles
  3 kobold demonologists
  2 sea snake zombies (Hell)
  2 orange demons
  14 cane toads
  Maggie (D:8)
  An alligator snapping turtle zombie (Crypt:1)
  14 hellions
  11 freezing wraiths
  10 komodo dragons
  19 yaktaurs
  A green draconian zombie (Crypt:2)
  9 anaconda simulacra
  2 efreet
  7 tormentors
  An orb spider zombie (Crypt:1)
  A bunyip simulacrum (Coc:1)
  A purple draconian skeleton (Crypt:1)
  34 guardian mummies (Crypt:3)
  2 iron giant simulacra (Coc:5)
  20 polar bears
  3 ancient zymes (Abyss:3)
  A spectral harpy (WizLab)
  4 tengu conjurers
  2 hydra zombies (Hell)
  A minotaur skeleton (Crypt:2)
  4 trolls
  3 hornets
  A hellwing (Abyss:3)
  2 merfolk (shapeshifter)
  6 harpy zombies
  A hornet (shapeshifter) (D:15)
  A tengu simulacrum (Coc:1)
  4 wind drakes
  A queen bee (Spider:1)
  25 merfolk
  An alligator simulacrum (Coc:1)
  A raiju (shapeshifter) (Elf:1)
  35 raiju
  4 tyrant leeches (Spider:4)
  A harpy skeleton (Crypt:2)
  37 tarantellas
  9 snapping turtles
  2 hydra skeletons (Hell)
  An ice dragon zombie (Crypt:2)
  15 dream sheep
  8 blink frogs
  A glass eye (shapeshifter) (Vaults:5)
  A satyr zombie (Crypt:1)
  4 glass eyes
  3 stone giant simulacra
  28 jumping spiders
  An iron dragon simulacrum (Coc:4)
  6 dire elephant simulacra
  4 air elementals
  2 centaur simulacra
  2 ynoxinuls (Abyss:3)
  93 slime creatures
  Sigmund (D:3)
  21 culicivoras
  7 wyverns
  39 yaks
  2 shadows
  A vampire (D:13)
  5 naga simulacra
  15 water elementals
  17 wraiths
  3 fire elementals
  A fire bat (Orc:1)
  4 ushabtiu (Crypt:3)
  6 basilisks
  10 golden eyes
  An alligator snapping turtle simulacrum (Coc:3)
  5 hogs (D:14)
  3 wargs
  38 redbacks
  3 steam dragons
  5 vampire mosquitoes
  A yaktaur simulacrum (Vaults:5)
  6 neqoxecs (Abyss:3)
  A chaos spawn (Abyss:3)
  Edmund (D:6)
  12 harpy simulacra
  16 water moccasins
  2 naga zombies
  An acid dragon (shapeshifter) (Elf:1)
  4 hydra simulacra
  8 hell hounds
  Duvessa (D:5)
  2 glowing shapeshifter skeletons
  2 black bears
  An ice beast (Abyss:3)
  A lindwurm zombie (Crypt:3)
  A manticore zombie (Crypt:1)
  An ogre skeleton (Vaults:5)
  16 orc warriors
  An ice beast (shapeshifter) (Elf:1)
  23 ogres
  4 sky beasts
  6 ettin simulacra
  2 human zombies
  36 laughing skulls
  14 wolves
  16 small abominations (Abyss:3)
  13 centaurs
  A yaktaur zombie (Crypt:3)
  A phantom (D:2)
  12 weeping skulls
  4 kobold brigands
  3 necrophages
  2 brain worms (Abyss:3)
  6 bullfrogs
  A brain worm (shapeshifter) (Elf:1)
  3 gnoll sergeants
  6 scorpions
  2 earth elementals
  16 wights
  Dowan (D:5)
  A cyclops skeleton (Crypt:3)
  33 killer bees
  A spriggan skeleton (Crypt:3)
  5 howler monkeys
  4 electric eels
  5 lava snakes (Lair:5)
  2 quasits (Abyss:3)
  2 hounds
  2 jellies
  3 bombardier beetles
  13 orc priests
  Crazy Yiuf (D:3)
  4 iron imps (Abyss:3)
  A black bear skeleton (Crypt:1)
  4 iguanas
  A sleepcap (D:6)
  23 orc wizards
  5 hell rats
  A sky beast zombie (Crypt:2)
  11 mummies
  19 gnolls
  11 adders
  A ribbon worm zombie (Crypt:2)
  4 shadow imps (Gauntlet)
  A swamp drake skeleton (Crypt:2)
  A white imp (Abyss:3)
  5 ufetubi
  2 dart slugs
  6 ribbon worms
  72 orcs
  6 bats
  6 endoplasms
  7 giant cockroaches
  12 goblins
  16 hobgoblins
  11 jackals
  42 kobolds
  4 quokkas
  5 ball pythons
  A bat (shapeshifter) (Elf:1)
  6 frilled lizards
  An orc zombie (Crypt:1)
  4 rats
  4 creeping infernos
  7 fire vortices
  A fulminant prism (Depths:1)
  2 lurking horrors (Coc:6)
  2 starspawn tentacles (Abyss:3)
2854 creatures vanquished.

Vanquished Creatures (collateral kills)
  3 dread liches (Vaults:5)
  A shard shrike (Coc:4)
  Geryon (Hell)
  A hellephant (Geh:5)
  A lich (Depths:1)
  2 Ice Fiends
  2 walking frostbound tomes (Depths:1)
  4 titans
  A tentacled monstrosity (Depths:1)
  2 acid blobs (Slime:5)
  An ancient champion (Crypt:1)
  A storm dragon (Depths:1)
  A rockslime (Slime:5)
  2 azure jellies
  A vault warden (Vaults:1)
  5 frost giants
  2 orc warlords (Vaults:1)
  2 shard shrike simulacra
  3 ironbound preservers
  A ghost moth (Spider:1)
  3 very ugly things
  3 reapers (Hell)
  A stone giant (Depths:3)
  2 elemental wellsprings
  A deep elf death mage (Vaults:5)
  A spark wasp (Depths:2)
  An eidolon (Crypt:2)
  2 green deaths (Hell)
  4 war gargoyles
  A jiangshi (Crypt:2)
  2 ettins
  A fenstrider witch zombie (Crypt:2)
  10 vault guards (Vaults:5)
  A caustic shrike simulacrum (Coc:3)
  2 quicksilver dragon skeletons (Depths:1)
  A rakshasa (Depths:4)
  2 spriggan air magi (Depths:1)
  3 juggernaut simulacra
  2 stokers (Geh:6)
  A demonic crawler (Spider:1)
  A titan zombie (Hell)
  A soul eater (Hell)
  An iron troll (Depths:2)
  A quicksilver dragon simulacrum (Coc:3)
  A sixfirhy (Hell)
  9 deep trolls
  A glowing orange brain (Depths:2)
  A flayed ghost (Crypt:2)
  An orc knight (Vaults:1)
  A phantasmal warrior (Crypt:3)
  A necromancer (Depths:1)
  An iron dragon zombie (Depths:1)
  An ugly thing (Depths:3)
  A wolf spider (Spider:2)
  A frost giant zombie (Hell)
  A vault sentinel (Vaults:5)
  An alligator snapping turtle zombie (Crypt:1)
  A molten gargoyle (Hell)
  2 rust devils (Hell)
  3 smoke demons (Hell)
  A titan simulacrum (Coc:7)
  A rime drake (IceCv)
  A freezing wraith (Coc:5)
  An ancient zyme (Abyss:3)
  2 guardian mummies (Crypt:3)
  An anaconda simulacrum (Crypt:1)
  A harpy zombie (Crypt:1)
  An iron giant simulacrum (Coc:3)
  A tarantella (Spider:2)
  A hornet (Vaults:5)
  3 spriggan zombies
  A raiju (Abyss:3)
  A slime creature (Slime:5)
  An ushabti (Crypt:3)
  5 starcursed masses (Abyss:3)
  A redback (Spider:2)
  A glowing shapeshifter zombie (Hell)
  3 harpy simulacra (Coc:4)
  A hell hound (Hell)
  A hydra simulacrum (Coc:3)
  An orc warrior (Orc:1)
  6 laughing skulls
  A weeping skull (Crypt:3)
  3 necrophages
  An orc priest (Orc:1)
  A hell rat (Hell)
  An ufetubus (Abyss:3)
155 creatures vanquished.

Vanquished Creatures (others)
  A shard shrike (Coc:7)
  A titan (Coc:4)
  48 eldritch tentacles
  A reaper (Hell)
  A blizzard demon (Abyss:3)
  3 caustic shrike simulacra
  An ironbound frostheart (IceCv)
  An iron troll (Depths:4)
  An orc knight (Vaults:1)
  A smoke demon (Depths:3)
  A golden dragon simulacrum (Coc:4)
  A raiju (Abyss:3)
  2 harpy simulacra
  An orc warrior (Vaults:5)
  A hell rat (Hell)
  A gnoll skeleton (Crypt:1)
  A creeping inferno (Geh:6)
  56 fire vortices
  183 fulminant prisms
  5 starspawn tentacles (Abyss:3)
311 creatures vanquished.

Grand Total: 3320 creatures vanquished

Notes
Turn   | Place    | Note
-------+----------+-------------------------------------------
     0 | D:1      | bonscott the Djinni Conjurer began the quest for the Orb.
     0 | D:1      | bonscott set off with the following spells memorised: Magic
                  | Dart, Searing Ray, Fulminant Prism, Iskenderun's Mystic
                  | Blast.
     0 | D:1      | Reached XP level 1. HP: 15/15 MP: 0/0
    90 | D:1      | Reached XP level 2. HP: 13/21 MP: 0/0
   243 | D:1      | Reached XP level 3. HP: 24/25 MP: 0/0
   243 | D:1      | Learned a level 1 spell: Kiss of Death
   843 | D:2      | Noticed a phantom
   966 | D:2      | Reached XP level 4. HP: 25/31 MP: 0/0
  1078 | D:2      | Found a faded altar of an unknown god.
  1653 | D:2      | Killed a phantom
  1654 | D:2      | Reached skill level 5 in Spellcasting
  1654 | D:2      | Reached skill level 5 in Conjurations
  1654 | D:2      | Reached skill level 5 in Hexes
  1654 | D:2      | Reached skill level 5 in Summonings
  1654 | D:2      | Reached skill level 5 in Necromancy
  1654 | D:2      | Reached skill level 5 in Translocations
  1654 | D:2      | Reached skill level 5 in Fire Magic
  1654 | D:2      | Reached skill level 5 in Ice Magic
  1654 | D:2      | Reached skill level 5 in Air Magic
  1654 | D:2      | Reached skill level 5 in Earth Magic
  1654 | D:2      | Reached skill level 5 in Alchemy
  1654 | D:2      | Reached XP level 5. HP: 34/35 MP: 0/0
  1654 | D:2      | Learned a level 2 spell: Blink
  1680 | D:3      | Noticed Sigmund
  1695 | D:3      | Killed Sigmund
  1696 | D:3      | Reached skill level 1 in Armour
  1696 | D:3      | Reached XP level 6. HP: 25/40 MP: 0/0
  2211 | D:3      | Reached XP level 7. HP: 45/45 MP: 0/0
  2211 | D:3      | Learned a level 2 spell: Call Imp
  2232 | D:3      | Found a snail-covered altar of Cheibriados.
  2315 | D:3      | Found a runed translucent door.
  2316 | D:3      | Noticed Crazy Yiuf
  2548 | D:3      | Killed Crazy Yiuf
  2616 | D:4      | Reached skill level 1 in Fighting
  2874 | D:4      | Found a staircase to the Ecumenical Temple.
  2884 | Temple   | Entered the Ecumenical Temple
  2900 | Temple   | Became a worshipper of Makhleb the Destroyer
  3314 | D:5      | Entered Level 5 of the Dungeon
  3314 | D:5      | Found a stormy altar of Qazlal.
  3476 | D:5      | Reached XP level 8. HP: 55/56 MP: 0/0
  3492 | D:5      | Identified the ring "Torum" {^Drain rF++ Will+ Int+6
                  | Stlth+}
  3524 | D:5      | Noticed Dowan
  3526 | D:5      | Noticed Duvessa
  3533 | D:5      | Killed Dowan
  3552 | D:5      | Killed Duvessa
  3833 | D:5      | Reached skill level 1 in Evocations
  3846 | D:5      | Found an opulent altar of Gozag.
  4017 | D:6      | Reached * piety under Makhleb
  4020 | D:6      | Reached XP level 9. HP: 53/60 MP: 0/0
  4020 | D:6      | Learned a level 3 spell: Frozen Ramparts
  4037 | D:6      | Noticed Edmund
  4048 | D:6      | Killed Edmund
  4078 | D:6      | Found Digum's Armour Shop.
  4087 | D:6      | Found Fejuf's Jewellery Boutique.
  4111 | D:6      | Found Ehill's Antique Armour Boutique.
  4147 | D:6      | Found Ibuot's Magic Scroll Boutique.
  4194 | D:6      | Found Firchedyi's Book Shoppe.
  4386 | D:6      | Found a broken altar of Ashenzari.
  4465 | D:6      | Found an iron altar of Okawaru.
  4599 | D:7      | Found a glowing silver altar of Zin.
  4885 | D:7      | Reached ** piety under Makhleb
  5200 | D:7      | Found a bloodstained altar of Trog.
  5353 | D:8      | Found Keg Jof's Assorted Antiques.
  5354 | D:8      | Found Xustef's Distillery.
  5365 | D:8      | Bought a black potion for 19 gold pieces
  5365 | D:8      | Bought a scroll labelled TOJELY ZAOR for 22 gold pieces
  5427 | D:8      | Found Satiuff's Weapon Shoppe.
  5476 | D:8      | Found Diomnaehei's Armour Boutique.
  5509 | D:8      | Noticed Maggie
  5524 | D:8      | Killed Maggie
  5525 | D:8      | Reached skill level 10 in Spellcasting
  5525 | D:8      | Reached skill level 10 in Conjurations
  5525 | D:8      | Reached skill level 10 in Hexes
  5525 | D:8      | Reached skill level 10 in Summonings
  5525 | D:8      | Reached skill level 10 in Necromancy
  5525 | D:8      | Reached skill level 10 in Translocations
  5525 | D:8      | Reached skill level 10 in Fire Magic
  5525 | D:8      | Reached skill level 10 in Ice Magic
  5525 | D:8      | Reached skill level 10 in Air Magic
  5525 | D:8      | Reached skill level 10 in Earth Magic
  5525 | D:8      | Reached skill level 10 in Alchemy
  5525 | D:8      | Reached XP level 10. HP: 67/67 MP: 0/0
  5743 | D:8      | Reached *** piety under Makhleb
  5746 | D:8      | Found a shadowy altar of Dithmenos.
  6109 | D:8      | Found a white marble altar of Elyvilon.
  6127 | D:8      | Reached skill level 5 in Dodging
  6148 | D:8      | Identified the +4 mace of Pandemonium {freeze, rN++}
  6269 | D:9      | Reached skill level 1 in Shields
  6506 | D:9      | Reached skill level 5 in Shields
  6626 | D:9      | Noticed a boulder beetle
  6639 | D:9      | Reached **** piety under Makhleb
  6674 | D:9      | Killed a boulder beetle
  6675 | D:9      | Reached skill level 5 in Fighting
  6675 | D:9      | Reached XP level 11. HP: 41/75 MP: 0/0
  6675 | D:9      | Learned a level 5 spell: Freezing Cloud
  7062 | D:10     | Entered Level 10 of the Dungeon
  7409 | D:10     | Found Dahib's Vocational Training.
  8260 | D:11     | Noticed a two-headed ogre
  8276 | D:11     | Killed a two-headed ogre
  8363 | D:11     | Found a staircase to the Orcish Mines.
  8457 | D:11     | Reached ***** piety under Makhleb
  8695 | D:11     | Found a staircase to the Lair.
  8744 | D:11     | Reached XP level 12. HP: 82/82 MP: 0/0
  9242 | D:11     | Noticed Gastronok
  9279 | D:11     | Killed Gastronok
  9539 | D:11     | Identified the +1 falchion "Seifoet" {antimagic, +Blink
                  | rElec Int-3 Dex+3}
  9606 | D:11     | Noticed a boulder beetle
  9652 | D:11     | Killed a boulder beetle
  9653 | D:11     | Reached skill level 5 in Armour
  9845 | D:12     | Noticed a skeletal warrior
  9845 | D:12     | Noticed a skeletal warrior
  9890 | Lair:1   | Entered Level 1 of the Lair of Beasts
 10631 | Lair:1   | Found a bloodstained altar of Trog.
 10867 | Lair:2   | Found a hole to the Spider Nest.
 10944 | Lair:2   | Reached XP level 13. HP: 92/92 MP: 0/0
 10944 | Lair:2   | Learned a level 5 spell: Borgnjor's Vile Clutch
 11647 | Lair:2   | Noticed Sonja
 11650 | Lair:2   | Killed Sonja
 11845 | Lair:2   | Found a staircase to the Shoals.
 12048 | Lair:3   | Noticed a five-headed hydra
 12055 | Lair:3   | Killed a five-headed hydra
 12291 | Lair:3   | Noticed a four-headed hydra
 12295 | Lair:3   | Killed a four-headed hydra
 12540 | Lair:4   | Noticed a six-headed hydra
 12705 | Lair:4   | Identified the +2 robe "Qibepul" {+Inv MP+9 Str+3 Dex+3}
 12776 | Lair:4   | Killed a six-headed hydra
 12777 | Lair:4   | Reached XP level 14. HP: 80/98 MP: 0/0
 13405 | Lair:4   | Found a staircase to the Slime Pits.
 13588 | Lair:5   | Entered Level 5 of the Lair of Beasts
 13826 | Lair:5   | Reached skill level 5 in Evocations
 13833 | Lair:5   | Reached ****** piety under Makhleb
 14157 | Lair:5   | Found a large runed translucent door.
 14157 | Lair:5   | Found a large runed translucent door.
 14222 | Lair:5   | Reached skill level 10 in Fighting
 15189 | D:12     | Reached XP level 15. HP: 107/107 MP: 0/0
 15189 | D:12     | Learned a level 6 spell: Sculpt Simulacrum
 15366 | D:12     | Noticed Josephine
 15393 | D:12     | Killed Josephine
 15623 | D:13     | Reached skill level 15 in Spellcasting
 15623 | D:13     | Reached skill level 15 in Conjurations
 15623 | D:13     | Reached skill level 15 in Hexes
 15623 | D:13     | Reached skill level 15 in Summonings
 15623 | D:13     | Reached skill level 15 in Necromancy
 15623 | D:13     | Reached skill level 15 in Translocations
 15623 | D:13     | Reached skill level 15 in Fire Magic
 15623 | D:13     | Reached skill level 15 in Ice Magic
 15623 | D:13     | Reached skill level 15 in Air Magic
 15623 | D:13     | Reached skill level 15 in Earth Magic
 15623 | D:13     | Reached skill level 15 in Alchemy
 15660 | D:13     | Reached skill level 1 in Shapeshifting
 15729 | D:13     | Noticed Erolcha
 15777 | D:13     | Killed Erolcha
 15976 | Orc:1    | Entered Level 1 of the Orcish Mines
 15976 | Orc:1    | Noticed an orc warlord
 15978 | Orc:1    | Noticed an orc warlord
 15996 | Orc:1    | Killed an orc warlord
 15996 | Orc:1    | Killed an orc warlord
 16184 | Orc:1    | Found a shimmering altar of Xom.
 16398 | Orc:2    | Entered Level 2 of the Orcish Mines
 16482 | Orc:2    | Reached skill level 5 in Shapeshifting
 16487 | Orc:2    | Found a staircase to the Elven Halls.
 16535 | Orc:2    | Found a gate leading to a gauntlet.
 16618 | Orc:2    | Found Githaej's Armour Shop.
 16618 | Orc:2    | Found Ontoraurch's Distillery.
 16622 | Orc:2    | Reached XP level 16. HP: 113/113 MP: 0/0
 16630 | Orc:2    | Found Anapnewo's Jewellery Boutique.
 16630 | Orc:2    | Found Ittigupp's Distillery.
 16654 | Gauntlet | Entered a Gauntlet
 16654 | Gauntlet | Found a transporter.
 16662 | Gauntlet | Found a transporter.
 16663 | Gauntlet | Found a transporter.
 16679 | Gauntlet | Found a transporter.
 16680 | Gauntlet | Found a transporter.
 16696 | Gauntlet | Found a transporter.
 16703 | Gauntlet | Found a transporter.
 16707 | Gauntlet | Found a runed translucent door.
 16714 | Gauntlet | Found a transporter.
 16718 | Gauntlet | Found a transporter.
 16721 | Gauntlet | Found a transporter.
 16727 | Gauntlet | Found a transporter.
 16728 | Gauntlet | Found a transporter.
 16756 | Gauntlet | Found a transporter.
 16770 | Gauntlet | Found a transporter.
 16944 | Gauntlet | Identified the ring of Fiosoe {rF+ Stlth+}
 17087 | Orc:2    | Bought a potion of heal wounds for 60 gold pieces
 17533 | Orc:1    | Noticed Maurice
 17539 | Orc:1    | Killed Maurice
 17996 | D:6      | Bought the +3 crown of Dyrovepreva {rElec Int+2 SInv} for
                  | 579 gold pieces
 17996 | D:6      | Found the +3 crown of Dyrovepreva {rElec Int+2 SInv}
 18015 | D:6      | Bought the ring of Tousysm {Fly rC+ Will+ Int+6} for 750
                  | gold pieces
 18375 | D:13     | Found a gate to the Vaults.
 18471 | D:13     | Found a runed translucent door.
 18676 | D:13     | Identified the +5 rapier of Bile {venom, rF+ Will+ Str+3
                  | Int-2}
 18694 | D:13     | Identified the +2 long sword of Rujaligg {spect, Str+7
                  | Int-3}
 18705 | D:13     | Identified the staff "Geymy" {rElec rN+ Dex+3 SInv Air}
 19192 | D:13     | Found Pypumarch's Armour Shop.
 19293 | D:13     | Reached skill level 10 in Armour
 19293 | D:13     | Reached XP level 17. HP: 119/119 MP: 0/0
 19293 | D:13     | Learned a level 6 spell: Starburst
 19353 | D:14     | Noticed Kirke
 19360 | D:14     | Killed Kirke
 19361 | D:14     | Reached skill level 1 in Throwing
 20165 | D:15     | Entered Level 15 of the Dungeon
 20210 | D:15     | Reached skill level 5 in Throwing
 20269 | D:15     | Noticed Louise
 20287 | D:15     | Killed Louise
 20859 | D:15     | Found a staircase to the Depths.
 21223 | D:15     | Reached XP level 18. HP: 79/124 MP: 0/0
 21562 | Spider:1 | Entered Level 1 of the Spider Nest
 21570 | Spider:1 | Reached skill level 10 in Shapeshifting
 22390 | Spider:1 | Noticed Azrael
 22396 | Spider:1 | Killed Azrael
 22426 | Spider:1 | You are sucked into a shaft and drop 1 floor!
 22438 | Spider:2 | Reached XP level 19. HP: 130/130 MP: 0/0
 22438 | Spider:2 | Learned a level 7 spell: Orb of Destruction
 22469 | Spider:2 | Noticed Arachne
 22492 | Spider:2 | Killed Arachne
 22895 | Spider:2 | Noticed Asterion
 22906 | Spider:2 | Killed Asterion
 23562 | Spider:4 | Entered Level 4 of the Spider Nest
 23802 | Spider:4 | Reached XP level 20. HP: 132/136 MP: 0/0
 24212 | Spider:4 | Got a milky-white gem with 229 turns to spare
 24215 | Spider:4 | Got a gossamer rune of Zot
 24806 | Shoals:1 | Entered Level 1 of the Shoals
 25166 | Shoals:2 | Noticed Roxanne
 25189 | Shoals:2 | Killed Roxanne
 25374 | Shoals:3 | Reached skill level 5 in Maces & Flails
 25407 | Shoals:4 | Entered Level 4 of the Shoals
 25441 | Shoals:4 | Noticed Ilsuiw
 25447 | Shoals:4 | Reached XP level 21. HP: 91/144 MP: 0/0
 25447 | Shoals:4 | Learned a level 7 spell: Malign Gateway
 25455 | Shoals:4 | Killed Ilsuiw
 25634 | Shoals:4 | Got an azure gem with 973 turns to spare
 25636 | Shoals:4 | Got a barnacled rune of Zot
 25819 | Shoals:4 | Found Wuoshuf's Weapon Shoppe.
 25961 | Shoals:4 | Found Apnopoi's Overcharged Wands.
 26078 | Shoals:4 | Found a glacial archway.
 26089 | IceCv    | Entered an ice cave
 26640 | IceCv    | Identified the +8 great sword "Inulo" {freeze, Stlth+}
 28129 | Shoals:1 | Noticed Nikola
 28136 | Shoals:1 | Killed Nikola
 28628 | Elf:1    | Entered Level 1 of the Elven Halls
 28688 | Elf:1    | Identified the +8 trident of the Dozen Stars {antimagic,
                  | Will+}
 28918 | Elf:1    | Reached XP level 22. HP: 145/150 MP: 0/0
 29247 | Elf:1    | Reached skill level 10 in Dodging
 29278 | Elf:1    | Paralysed by an air elemental for 1 turns
 29383 | Elf:2    | Reached skill level 10 in Shields
 29488 | Elf:2    | Found a runed translucent gate.
 29488 | Elf:2    | Found a runed translucent gate.
 29488 | Elf:2    | Found a runed translucent gate.
 29578 | Elf:3    | Entered Level 3 of the Elven Halls
 29839 | Elf:3    | Found Woelam's Distillery.
 30354 | Elf:3    | Identified the +5 trident of Righteous Fury {freeze, ^Drain
                  | rC++ Str+4}
 30354 | Elf:3    | Identified the ring of the Dragon {AC+4 Int+7}
 30368 | Elf:3    | Identified the amulet "Yviruh" {rN+ Regen+}
 30403 | Elf:3    | Identified the +6 battleaxe of the Hummingbird {holy, Int+5
                  | Dex-3}
 30403 | Elf:3    | Identified the ring "Ohyrieng" {rN++ AC+4 Dex+3}
 30417 | Elf:3    | Got a shimmering gem with 12 turns to spare
 30427 | Elf:3    | Identified the ring of Intercession {rPois SInv}
 30558 | Elf:3    | Identified the +3 hand axe of the Mushroom {holy, rPois rF+
                  | Int+5 Dex-5}
 30558 | Elf:3    | Identified the ring "Kenariex" {Dex+3 Slay+4}
 30660 | Elf:3    | Identified the +3 arbalest "Osuobepra" {heavy, rN+ Str+3}
 30664 | Elf:3    | Identified the +8 orcbow of Dust {flame, Will+ Int+2}
 30733 | Elf:3    | Identified the +4 demon whip of an ice cave {drain, *Rage
                  | Will++ Int-2 Dex+9}
 30891 | Elf:3    | Identified the +11 falchion of Abomination {drain, +Blink
                  | Int+3 Dex+3}
 30910 | Elf:3    | Bought a potion of heal wounds for 80 gold pieces
 31327 | Elf:2    | Paralysed by an air elemental for 1 turns
 31720 | Elf:2    | Reached XP level 23. HP: 100/157 MP: 0/0
 31720 | Elf:2    | Learned a level 7 spell: Summon Hydra
 32702 | Orc:2    | Bought the ring of Prescription {rCorr Str-4 Int+3 Dex+6}
                  | for 600 gold pieces
 32851 | Vaults:1 | Entered Level 1 of the Vaults
 33394 | Vaults:3 | Found a staircase to the Crypt.
 33423 | Vaults:3 | Reached skill level 15 in Shapeshifting
 33649 | Vaults:3 | Found a magical portal.
 33660 | WizLab   | Entered Borgnjor's Mausoleum
 34212 | WizLab   | Reached XP level 24. HP: 87/164 MP: 0/0
 35321 | Vaults:5 | Entered Level 5 of the Vaults
 35396 | Vaults:5 | Noticed a dread lich
 35405 | Vaults:5 | Killed a dread lich
 35407 | Vaults:5 | Noticed a dread lich
 35415 | Vaults:5 | Killed a dread lich
 35427 | Vaults:5 | Noticed a dread lich
 35438 | Vaults:5 | Killed a dread lich
 35535 | Vaults:5 | Reached XP level 25. HP: 150/169 MP: 0/0
 35535 | Vaults:5 | Learned a level 8 spell: Disjunction
 35543 | Vaults:5 | Identified a scroll of acquirement
 35886 | Vaults:5 | Got a shining gem with 1551 turns to spare
 35888 | Vaults:5 | Got a silver rune of Zot
 36264 | Vaults:5 | Identified the +2 leather armour of Vosuniol {rElec Int+3}
 36296 | Vaults:5 | Noticed an ancient lich
 36305 | Vaults:5 | Killed an ancient lich
 37099 | Vaults:5 | Identified the ring "Tobritot" {Dex+2 SInv}
 37349 | Vaults:5 | Acquired a manual of Stealth
 37630 | Vaults:4 | Identified the +3 rapier "Adupupt" {drain, rCorr Str+2}
 38553 | Vaults:3 | Identified the +1 scale mail of Huol {rC+}
 39029 | Vaults:2 | Identified the +7 arbalest "Tegiq" {freeze, rPois rF+
                  | Int-2}
 39687 | Vaults:1 | Reached XP level 26. HP: 179/179 MP: 0/0
 39723 | Vaults:1 | Identified the serpent talisman of Fortitude {Int+4}
 39723 | Vaults:1 | Noticed Aizul
 39731 | Vaults:1 | Killed Aizul
 39846 | Vaults:1 | You are sucked into a shaft and drop 1 floor!
 39952 | Vaults:1 | Found Mehywek's Distillery.
 40198 | Vaults:1 | Found a portal to a secret trove of treasure.
 40783 | Vaults:1 | Bought 2 potions of curing for 78 gold pieces
 40783 | Vaults:1 | Bought 2 potions of curing for 78 gold pieces
 41109 | D:6      | Bought a +1 cloak of willpower for 231 gold pieces
 41374 | D:8      | Bought a potion of heal wounds for 110 gold pieces
 41381 | D:8      | Bought 2 potions of heal wounds for 110 gold pieces
 41445 | D:6      | Bought a scroll of enchant weapon for 105 gold pieces
 41514 | D:10     | Bought a manual of Evocations for 1200 gold pieces
 41666 | Depths:1 | Entered Level 1 of the Depths
 41762 | Depths:2 | Found Voc Iji's Book Shop.
 41764 | Depths:2 | Found Aweweep's Jewellery Emporium.
 41765 | Depths:2 | Found Pomor's Book Shop.
 41930 | Depths:2 | Found a gateway to Hell.
 41961 | Depths:2 | Found a one-way gate to the infinite horrors of the Abyss.
 42009 | Depths:2 | Found a shadowy altar of Dithmenos.
 42246 | Depths:2 | Identified the +6 ring mail of the Depths {*Slow +Blink
                  | +Inv}
 42534 | Depths:4 | Entered Level 4 of the Depths
 42734 | Depths:4 | Noticed Boris
 42753 | Depths:4 | Killed Boris
 43041 | Depths:4 | Reached XP level 27. HP: 171/184 MP: 0/0
 43041 | Depths:4 | Learned a level 9 spell: Fire Storm
 43219 | Depths:4 | Found a gate to the Realm of Zot.
 43255 | Depths:4 | Got a midnight gem with 1413 turns to spare
 43573 | Depths:3 | Found a one-way gateway to a ziggurat.
 43861 | Depths:3 | Found Coibegor's Serpentskin Sales.
 43876 | Depths:3 | Bought 3 curare-tipped darts for 50 gold pieces
 44029 | Depths:3 | Found a one-way gate leading to the halls of Pandemonium.
 44033 | Depths:3 | Gained mutation: You are weak. (Str -2) [a cacodemon]
 44522 | Depths:3 | Found a hide-covered altar of Uskayaw.
 44750 | Depths:2 | Gained mutation: You occasionally shout uncontrollably at
                  | your foes. [a cacodemon]
 45211 | Depths:2 | Found an ornate altar of the Wu Jian Council.
 45223 | Depths:2 | Identified the +4 halberd "Ken Xasa" {antimagic, rElec}
 45398 | Depths:2 | Bought a manual of Shields for 880 gold pieces
 46399 | Depths:1 | Found Ennoevu's Demolitions Depot.
 46407 | Depths:1 | Bought a wand of roots (3) for 108 gold pieces
 46424 | Depths:1 | Found a hide-covered altar of Uskayaw.
 46531 | Depths:1 | Found a runed translucent door.
 47213 | Crypt:1  | Entered Level 1 of the Crypt
 47266 | Crypt:1  | Noticed Vv
 47298 | Crypt:1  | Killed Vv
 47304 | Crypt:1  | Noticed Bai Suzhen
 47316 | Crypt:1  | Killed Bai Suzhen
 47484 | Crypt:2  | Reached skill level 15 in Shields
 47522 | Crypt:2  | Noticed Khufu
 47533 | Crypt:2  | Killed Khufu
 47625 | Crypt:3  | Entered Level 3 of the Crypt
 47690 | Crypt:3  | Found a staircase to the Tomb.
 47771 | Crypt:3  | Reached skill level 15 in Armour
 48052 | Crypt:3  | Found a basalt altar of Yredelemnul.
 48072 | Crypt:3  | Identified the ring "Feplinlo" {^Drain rN+ Str+2 Dex+3
                  | SInv}
 48080 | Crypt:3  | Noticed a royal mummy
 48124 | Crypt:3  | Killed a royal mummy
 48203 | Crypt:3  | Got an ivory gem with 814 turns to spare
 48204 | Crypt:3  | Identified the ring of Xaberet {rN+ Int+8}
 48204 | Crypt:3  | Identified the ring of Midnight {rN+ Str+6 Int+4 Dex-5}
 51097 | Hell     | Entered the Vestibule of Hell
 51097 | Hell     | Noticed Geryon
 51281 | Hell     | Killed Geryon
 51364 | Hell     | Noticed a dread lich
 51370 | Hell     | Killed a dread lich
 51548 | Hell     | Found a gateway to the freezing wastes of Cocytus.
 51586 | Hell     | Found a gateway to the Iron City of Dis.
 51611 | Hell     | Found a gateway to the ashen valley of Gehenna.
 51653 | Hell     | Found a gateway to the decaying netherworld of Tartarus.
 51722 | Depths:2 | Voluntarily entered the Abyss.
 51725 | Abyss:1  | Found a corrupted altar of Lugonu.
 51775 | Abyss:2  | Found a corrupted altar of Lugonu.
 51854 | Abyss:3  | Got an abyssal rune of Zot
 52555 | Abyss:3  | Gained mutation: You occasionally lose the ability to read
                  | scrolls when taking damage. [a neqoxec]
 52765 | Depths:2 | Escaped the Abyss
 52870 | Depths:2 | Lost mutation: You occasionally lose the ability to read
                  | scrolls when taking damage. [potion of mutation]
 52870 | Depths:2 | Lost mutation: You occasionally shout uncontrollably at
                  | your foes. [potion of mutation]
 52870 | Depths:2 | Lost mutation: You are weak. (Str -2) [potion of mutation]
 52870 | Depths:2 | Gained mutation: Your spells are a little easier to cast,
                  | but a little less powerful. [potion of mutation]
 53121 | Slime:1  | Entered Level 1 of the Pits of Slime
 53272 | Slime:5  | Entered Level 5 of the Pits of Slime
 53437 | Slime:5  | Noticed the Royal Jelly
 53444 | Slime:5  | Killed the Royal Jelly
 53464 | Slime:5  | Got a starry gem with 259 turns to spare
 53483 | Slime:5  | Identified the staff of Utzahox {rF+ rN+ rCorr MP-9 Str+4
                  | Fire}
 53500 | Slime:5  | Identified the +7 trident of the Valley {pain, rPois rF++
                  | Int-4}
 53526 | Slime:5  | Identified the ring "Jugoc" {Fly rCorr}
 53544 | Slime:5  | Got a slimy rune of Zot
 53564 | Slime:5  | Identified the +6 arbalest "Ylynorosou" {freeze, +Blink rF+
                  | Str+3 Int-4}
 53580 | Slime:5  | Identified the +2 mace of the Apocalypse {spect, Int+3}
 53594 | Slime:5  | Identified the amulet of the Disturbing Spines {RegenMP
                  | +Inv rElec rF+ Dex+2}
 55012 | Coc:1    | Entered Level 1 of Cocytus
 55070 | Coc:1    | Noticed a dread lich
 55074 | Coc:1    | Killed a dread lich
 55716 | Coc:4    | Noticed a shard shrike
 55717 | Coc:4    | Noticed a shard shrike
 55724 | Coc:4    | Killed a shard shrike
 55726 | Coc:4    | Killed a shard shrike
 55742 | Coc:4    | Paralysed by a wendigo for 1 turns
 55954 | Coc:5    | Noticed a shard shrike
 55956 | Coc:5    | Noticed a shard shrike
 55957 | Coc:5    | Noticed a shard shrike
 55959 | Coc:5    | Noticed a shard shrike
 55966 | Coc:5    | Killed a shard shrike
 55968 | Coc:5    | Killed a shard shrike
 55968 | Coc:5    | Killed a shard shrike
 55969 | Coc:5    | Killed a shard shrike
 56958 | Coc:6    | Found a corrupted altar of Lugonu.
 57082 | Coc:7    | Entered Level 7 of Cocytus
 57082 | Coc:7    | Noticed a shard shrike
 57085 | Coc:7    | Paralysed by a wendigo for 1 turns
 57089 | Coc:7    | Killed a shard shrike
 57092 | Coc:7    | Paralysed by a wendigo for 1 turns
 57175 | Coc:7    | Noticed a shard shrike
 57193 | Coc:7    | Killed a shard shrike
 57254 | Coc:7    | Noticed a shard shrike
 57263 | Coc:7    | Killed a shard shrike
 57353 | Coc:7    | Paralysed by a wendigo for 1 turns
 57391 | Coc:7    | Noticed a shard shrike
 57396 | Coc:7    | Killed a shard shrike
 57429 | Coc:7    | Noticed a shard shrike
 57433 | Coc:7    | Killed a shard shrike
 57473 | Coc:7    | Noticed a shard shrike
 57478 | Coc:7    | Killed a shard shrike
 57509 | Coc:7    | Noticed a shard shrike
 57519 | Coc:7    | Killed a shard shrike
 57555 | Coc:7    | Noticed a shard shrike
 57560 | Coc:7    | Killed a shard shrike
 57614 | Coc:7    | Noticed a shard shrike
 57619 | Coc:7    | Killed a shard shrike
 57677 | Coc:7    | Noticed a shard shrike
 57681 | Coc:7    | Killed a shard shrike
 57719 | Coc:7    | Noticed a shard shrike
 57724 | Coc:7    | Killed a shard shrike
 57727 | Coc:7    | Paralysed by a wendigo for 1 turns
 57729 | Coc:7    | Noticed a shard shrike
 57738 | Coc:7    | Killed a shard shrike
 57836 | Coc:7    | Noticed Antaeus
 57867 | Coc:7    | Killed Antaeus
 58028 | Coc:7    | Identified the staff of Valiance {rElec rN+ SInv Conj}
 58032 | Coc:7    | Got an icy rune of Zot
 58042 | Coc:7    | Identified the +8 arbalest of Xom's Esteem {freeze, rElec
                  | Int+6 Dex-3}
 58129 | Coc:7    | Noticed a dread lich
 58147 | Coc:7    | Killed a dread lich
 58192 | Coc:7    | Noticed a shard shrike
 58194 | Coc:7    | Killed a shard shrike
 58227 | Coc:7    | Noticed a shard shrike
 58233 | Coc:7    | Killed a shard shrike
 58266 | Coc:7    | Noticed a shard shrike
 58272 | Coc:7    | Killed a shard shrike
 58513 | Coc:7    | Paralysed by a wendigo for 1 turns
 59240 | Geh:1    | Entered Level 1 of Gehenna
 59873 | Geh:3    | Noticed a dread lich
 59885 | Geh:3    | Killed a dread lich
 60447 | Geh:4    | Reached skill level 27 in Spellcasting
 60447 | Geh:4    | Reached skill level 27 in Conjurations
 60447 | Geh:4    | Reached skill level 27 in Hexes
 60447 | Geh:4    | Reached skill level 27 in Summonings
 60447 | Geh:4    | Reached skill level 27 in Necromancy
 60447 | Geh:4    | Reached skill level 27 in Translocations
 60447 | Geh:4    | Reached skill level 27 in Fire Magic
 60447 | Geh:4    | Reached skill level 27 in Ice Magic
 60447 | Geh:4    | Reached skill level 27 in Air Magic
 60447 | Geh:4    | Reached skill level 27 in Earth Magic
 60447 | Geh:4    | Reached skill level 27 in Alchemy
 61069 | Geh:6    | Reached skill level 15 in Fighting
 61080 | Geh:6    | HP: 9/181 [Brimstone Fiend/damnation (43)]
 61082 | Geh:6    | Killed from afar by a Brimstone Fiend

Illustrated notes

Levels and vault maps discovered:
D:1:      denvon_arrival_hothouse, layout_basic, nicolae_titane
D:2:      layout_loops_cross, hellmonk_ecumenical_altar_run_dry,
          minmay_tiny_reverse_x
D:3:      layout_loops_ring, mainiacjoe_overflow_small_starburst,
          uniq_crazy_yiuf_cottage, uniq_sigmund
D:4:      layout_loops_ring, minmay_temple_entry_overgrown,
          grunt_decor_mini_mirrors
D:5:      layout_rooms, mainiacjoe_overflow_catch_the_wave, minmay_door_square,
          kennysheep_generic_room_8, uniq_duvessa
D:6:      layout_cave_pools, marbit_many_paths, evilmike_ruin_ashenzari,
          serial_shops, nicolae_book_shop_shelving,
          nicolae_shop_tiny_statue_garden, shop, nicolae_shop_tiny_glass,
          minmay_misc_feat_iff, hangedman_abyss_or_decor_passed,
          minmay_shop_enchanted_jewellery, uniq_edmund
D:7:      layout_loops_ring, zin_academy, trog_hazing_becter
D:8:      layout_basic, nicolae_overflow_squiral, serial_shops,
          nicolae_shop_peninsula, shop, nicolae_shop_dealshenge, shop,
          uniq_maggie
D:9:      layout_basic, kennysheep_generic_room_12
D:10:     layout_stronghold, nicolae_shop_vocational
D:11:     layout_loops_ring, erik_lair_orcish_takeover, tgw_sif, uniq_gastronok
D:12:     layout_roguey, uniq_josephine
D:13:     layout_basic, hellmonk_vaults_order_and_chaos, serial_shops, shop,
          minmay_misc_feat_alley, minivault_25_ag, minmay_crystal_box,
          uniq_erolcha
D:14:     layout_loops_ring, uniq_kirke
D:15:     hangedman_depths_entry_civil_slaughter, layout_loops_ring,
          minmay_misc_feat_pillars, uniq_louise
Temple:   compressed_dpeg_triangle_lava_temple
Lair:1:   layout_long_grid, basic_altar, lemuel_fruit_fields
Lair:2:   layout_layer_cave, elwin_shoals_entry_rocks,
          nicolae_spider_entry_non_spiders, beast_lair_carwin_3,
          serial_bayou_shore_b, serial_bayou_shore_b, uniq_sonja
Lair:3:   layout_chaotic_city, lemuel_fruit_fields
Lair:4:   layout_cave_pods, dpeg_slime_entry_enclosed, hibernation_bobbens,
          infiniplex_staircase_pool
Lair:5:   cheibrodos_lair_end_hotspot, layout_regular_city
Shoals:1: layout_shoals, nicolae_shoals_water_booths, uniq_nikola
Shoals:2: layout_shoals, nicolae_shoals_dead_sea_scrolls, uniq_roxanne
Shoals:3: layout_shoals
Shoals:4: shoals_end_hangedman, layout_shoals, shoal_ilsuiw,
          portal_ice_cave_entry_pillars_four, serial_shops,
          nicolae_shop_hallway_stairs, nicolae_shop_overcharged_wands
Spider:1: layout_spider_delve, special_room [special_room_bee], uniq_azrael
Spider:2: layout_spider_delve, hellmonk_narrow_tunnel, uniq_arachne,
          uniq_asterion
Spider:3: layout_spider_delve
Spider:4: johnstein_spider_rune_arachne_lair, hangedman_stitches_earthworm
Slime:1:  layout_caves, cheibrodos_slime_lost_civilization_4
Slime:2:  layout_caves
Slime:3:  layout_caves
Slime:4:  layout_caves
Slime:5:  slime_pit_nicolae_royal_road_to_ruin
Orc:1:    layout_diamond_mine, regret_index_xom_of_box, uniq_maurice
Orc:2:    st_orc_ogre_mass, layout_diamond_mine, gauntlet_entry_generic
Elf:1:    eino_elf_arrival_altar, layout_geoelf_diagonals,
          nicolae_elf_shapeshifter_party, minivault_4, grunt_megastairs_5
Elf:2:    nicolae_elf_blades_crystal_corner, layout_onion_city,
          grunt_ministairs_10, lemuel_upstairs_altar
Elf:3:    minmay_elf_hall_spiked, layout_geoelf_octagon, serial_shops, shop,
          columned_hall_lemuel
Vaults:1: nicolae_vaults_double_plus_1, vaults_mumra_hexcomb, v_misc_22,
          v_pattern_5, nicolae_vaults_c_with_doors, v_misc_32, v_misc_9,
          nicolae_vaults_shelves_hall, nicolae_vaults_trapezoid_1,
          nicolae_vaults_diamond_1, ontoclasm_vaults_fault,
          layout_vaults_big_room, enter_trove_1, serial_shops,
          nicolae_shop_industrial_runoff, uniq_aizul
Vaults:2: ontoclasm_vaults_loading_screen, nicolae_vaults_security_offices_4,
          ontoclasm_vaults_eye, vaults_standard_mumra_x,
          vaults_room_grunt_arrival_checkpoint, ontoclasm_vaults_ring_large,
          nicolae_vaults_network_barrier, v_misc_17, hangedman_vaults_snaps,
          nicolae_vaults_double_plus_2, nicolae_vaults_yaktaur_gun_rack,
          nicolae_vaults_little_squares_3, nicolae_vaults_little_squares_4,
          layout_vaults_omnibox
Vaults:3: mu_enter_wizlab_2, nicolae_vaults_tangram_1, nicolae_vaults_six-pack,
          vaults_dpeg_encased_lava, v_misc_23, nicolae_vaults_oval_intersection,
          v_misc_25, minmay_crypt_entry_simple_round,
          nicolae_vaults_network_star, nicolae_vaults_shelves_hall,
          nicolae_vaults_fighting_squares, vaults_room_door_hall,
          nicolae_vaults_octothorpe, vaults_dpeg_diagonal,
          layout_vaults_omnicross
Vaults:4: v_misc_8, vaults_room_hangedman_quadrants,
          nicolae_vaults_weapon_check, v_misc_1, ontoclasm_vaults_hangar,
          dpeg_vaults_monster_box, ontoclasm_vaults_pinch,
          layout_vaults_omnigrid, uniq_margery
Vaults:5: serial_shops
Crypt:1:  layout_rooms, grunt_ministairs_4, serial_sigils_hangedman_scratch,
          uniq_vv, uniq_bai_suzhen
Crypt:2:  layout_rooms, uniq_khufu, uniq_josephina
Crypt:3:  church_of_pain_bobbens, layout_chaotic_city
Depths:1: minmay_the_grid_octo_tiled_octocenter
          [minmay_the_grid_octo_concentric, minmay_the_grid_octo_fat_diamond,
          minmay_the_grid_octo_clover, minmay_the_grid_octo_fan_narrow,
          minmay_the_grid_octo_prize_big_c,
          minmay_the_grid_square_5x5_three_small,
          minmay_the_grid_square_5x5_trominoes, minmay_the_grid_square_5x5_mess,
          minmay_the_grid_square_5x5_checkered_sparse], layout_honeycomb,
          hell_entry, nicolae_uskayaw_murder_on_the_dancefloor,
          minmay_st_funbox, grunt_decor_arrowhead, nicolae_blasting_shop,
          nicolae_tricolors
Depths:2: nicolae_aperiodic_l_corner, layout_gridlike, abyss_entry,
          rand_demon_pan_entry_7, lemuel_doored_altar, hangedman_coc_ice_floe,
          nicolae_wu_jian_glorious_leap, minmay_shop_grove,
          infiniplex_staircase_pillars_3b
Depths:3: regret_index_uskayaw_diablada_macabre, layout_cave_shapes,
          enter_ziggurat_e, kennysheep_doodads, hell_entry,
          rand_demon_pan_entry_9, abyss_entry, guppyfry_shop_venom
Depths:4: evilmike_zot_entry_basic, layout_cave_shapes,
          grunt_hell_entry_dis_grunt, chequers_serial_rivers_micro_d, uniq_boris
Hell
Geh:1:    layout_gehenna_lava_caves
Geh:2:    layout_gehenna_pools_box
Geh:3:    layout_gehenna_lava_caves
Geh:4:    layout_gehenna_pools_triple
Geh:5:    layout_gehenna_pools_box
Geh:6:    layout_gehenna_pools_triple
Coc:1:    layout_ice_bergs
Coc:2:    layout_ice_bergs
Coc:3:    layout_ice_bergs
Coc:4:    layout_cocytus_water_paths
Coc:5:    layout_cocytus_water_paths
Coc:6:    layout_ice_bergs, amcnicky_altar_lugonu_corruption
Coc:7:    coc_grunt

Skill      XL: |  1  2  3  4  5  6  7  8  9 10 11 12 13 14 15 16 17 18 19 20 21 22 23 24 25 26 27 |
---------------+----------------------------------------------------------------------------------+-----
Spellcasting   | 4 5 6 7 10 11 13 14 15 16 17 18 19 21 27 | 27.0
Conjurations   | 4 5 6 7 10 11 13 14 15 16 17 18 19 21 27 | 27.0
Hexes          | 4 5 6 7 10 11 13 14 15 16 17 18 19 21 27 | 27.0
Summonings     | 4 5 6 7 10 11 13 14 15 16 17 18 19 21 27 | 27.0
Necromancy     | 4 5 6 7 10 11 13 14 15 16 17 18 19 21 27 | 27.0
Translocations | 4 5 6 7 10 11 13 14 15 16 17 18 19 21 27 | 27.0
Fire Magic     | 4 5 6 7 10 11 13 14 15 16 17 18 19 21 27 | 27.0
Ice Magic      | 4 5 6 7 10 11 13 14 15 16 17 18 19 21 27 | 27.0
Air Magic      | 4 5 6 7 10 11 13 14 15 16 17 18 19 21 27 | 27.0
Earth Magic    | 4 5 6 7 10 11 13 14 15 16 17 18 19 21 27 | 27.0
Alchemy        | 4 5 6 7 10 11 13 14 15 16 17 18 19 21 27 | 27.0
Armour         | 1 2 4 9 10 12 18 | 18.0
Fighting       | 3 5 8 10 11 12 13 15 | 15.0
Evocations     | 1 3 6 8 9 |  9.0
Dodging        | 5 9 10 12 | 12.0
Shields        | 6 9 10 11 12 17 | 17.5
Shapeshifting  | 8 9 11 13 14 16 17 19 23 | 23.0
Throwing       | 6 |  6.8
Maces & Flails | 4 6 9 |  9.5
Stealth        | |  1.5

Action                     |  1- 3 |  4- 6 |  7- 9 | 10-12 | 13-15 | 16-18 | 19-21 | 22-24 | 25-27 || total
---------------------------+-------+-------+-------+-------+-------+-------+-------+-------+-------++-------
  Melee: Dagger            |     1 |     1 |       |       |       |       |       |       |       ||     2
         Halberd           |       |       |     7 |       |       |       |       |       |       ||     7
         Unarmed           |       |       |     1 |       |    11 |       |       |       |       ||    12
         Mace              |       |       |       |       |     6 |       |     4 |     1 |    10 ||    21
         Eveningstar       |       |       |       |       |       |       |       |       |    78 ||    78
         Rapier            |       |       |       |       |       |       |       |       |     1 ||     1
  Throw: Dart              |       |       |       |    11 |     1 |     2 |     1 |       |       ||    15
         Javelin           |       |       |       |       |     1 |     5 |     1 |     8 |    13 ||    28
   Cast: Magic Dart        |    80 |    59 |   103 |   107 |   215 |   121 |   224 |    96 |   174 ||  1179
         Searing Ray       |       |    14 |    31 |    24 |    11 |    11 |     5 |     4 |    13 ||   113
         Iskenderun's Myst |       |       |    17 |    54 |    75 |    70 |   183 |   232 |   702 ||  1333
         Fulminant Prism   |       |       |    40 |    91 |     2 |    20 |    10 |     3 |    18 ||   184
         Blink             |       |       |     1 |       |       |       |       |       |     2 ||     3
         Frozen Ramparts   |       |       |     3 |     3 |     1 |       |       |     1 |     4 ||    12
         Freezing Cloud    |       |       |       |    42 |   161 |    77 |   159 |    89 |    62 ||   590
         Borgnjor's Vile C |       |       |       |       |   140 |   125 |   245 |   181 |   304 ||   995
         Sculpt Simulacrum |       |       |       |       |     2 |     6 |     4 |       |       ||    12
         Starburst         |       |       |       |       |       |     2 |    31 |     3 |   262 ||   298
         Orb of Destructio |       |       |       |       |       |       |   123 |   241 |  1139 ||  1503
         Summon Hydra      |       |       |       |       |       |       |       |     3 |     3 ||     6
         Malign Gateway    |       |       |       |       |       |       |       |     8 |    40 ||    48
         Fire Storm        |       |       |       |       |       |       |       |       |    55 ||    55
         Disjunction       |       |       |       |       |       |       |       |       |     1 ||     1
Ability: Begin Untransform |       |       |       |       |       |       |       |     1 |     9 ||    10
  Evoke: Wand              |       |       |     1 |     4 |     4 |     4 |     2 |     3 |     4 ||    22
         Tin of tremorston |       |       |       |       |       |       |       |     2 |     1 ||     3
         Phantom mirror    |       |       |       |       |       |       |       |       |     1 ||     1
    Use: Scroll            |       |     4 |     9 |     3 |     6 |     9 |     2 |     9 |    33 ||    75
         Potion            |       |       |     2 |       |     2 |     3 |     2 |     8 |    14 ||    31
   Stab: Sleeping          |       |     1 |     1 |       |       |       |       |       |       ||     2
 Armour: Robe              |     9 |     9 |    21 |       |       |       |       |       |       ||    39
         Skin              |       |       |     5 |       |       |       |       |       |       ||     5
         Swamp dragon scal |       |       |       |    13 |       |       |       |       |       ||    13
         Troll leather arm |       |       |       |    12 |    42 |    54 |   147 |       |       ||   255
         Ice dragon scales |       |       |       |       |       |       |       |   223 |   840 ||  1063
  Dodge: Dodged            |    10 |     6 |    22 |    12 |    27 |    31 |    63 |    67 |   247 ||   485
  Block: Kite shield       |       |       |       |     4 |    29 |    27 |    69 |    85 |    73 ||   287
         Buckler           |       |       |       |       |       |     9 |       |       |       ||     9
         Reflection        |       |       |       |       |       |       |    32 |    47 |    20 ||    99
         Tower shield      |       |       |       |       |       |       |       |       |   516 ||   516
   Form: Statue            |       |       |       |       |       |       |       |     1 |     2 ||     3
         Serpent           |       |       |       |       |       |       |       |       |     1 ||     1
         Death             |       |       |       |       |       |       |       |       |     7 ||     7
